Description

This a cheese build order in PvT. The main focus is to do a proxy Tempest/Shield Battery close to the natural expand of the Terran player. Shield batteries are here to heal your tempest and with the range you will kill the terran player slowly.

Notes Importants : - Start with a standard Gate expand (In the replay I did a zealot + second gaz because the terran did an Ebay block) - Proxy your stargate if you can (if the opponent doesn't check your second pylon) - First units are adept because you want to keep your gas - The first oracle is here for pressure and to give the vision in mid game (if you don't lose it) - Fleet beacon after the oracle - Your main focus are : Cyclones & vikings - If the opponent pulls his scv: Go back in your shield batteries - Against a mine drop play style: Make a forge and add 1 cannon in each base

VOD

https://youtu.be/1BvACUvp_Og

Replay - PvT vs onigami proxy tempst

Build Order

Get SALT Encoding   

  12  0:01  Probe  
  13  0:13  Probe  
  14  0:20  Pylon  
  14  0:21  Probe  
  15  0:34  Probe  
  15  0:40  Gateway  
  16  0:45  Probe  
  16  0:47  Assimilator  
  17  0:57  Probe  
  18  1:05  Probe  
  19  1:13  Probe  
  20  1:24  Probe  
  21  1:29  Cybernetics Core  
  21  1:31  Zealot  
  23  1:35  Assimilator  
  23  1:40  Pylon  
  23  1:58  Probe  
  23  2:00  Adept  
  26  2:13  Stargate  
  28  2:29  Warp Gate  
  28  2:40  Nexus  
  28  2:47  Pylon  
  28  2:57  Adept  
  28  2:58  Oracle  
  34  3:31  Assimilator  
  34  3:34  Fleet Beacon  
  37  4:07  Tempest  
  40  4:19  Pylon x2  
  46  4:26  Adept  
  49  4:39  Tempest  
  49  4:43  Shield Battery  
  55  4:53  Shield Battery  
  55  5:08  Tempest  
  57  5:59  Tempest  
  57  6:03  Shield Battery x3  
  53  6:11  Gateway  
  58  6:20  Shield Battery x2  
  53  6:34  Stalker  
  53  6:37  Tempest  
  60  6:49  Shield Battery x2  
  60  6:52  Gateway  
  56  7:02  Shield Battery  
  56  7:06  Tempest  
  51  7:17  Stalker x2  
  55  7:41  Stalker x2  
  55  7:42  Tempest  
  62  8:09  Stalker x3  
  68  8:17  Tempest  
  60  8:33  Zealot x3  
  71  8:54  Zealot x3  
  73  9:02  Tempest  
  78  9:30  Stalker x2  
  61  9:55  Tempest  
Spawning Tool Build Advisor. Get it on Overwolf

Go to:

Details

  • Created by: zuka      
  • Published on: Apr 26, 2019
  • Patch: 4.7.1
Show
View Real Time Build Order
Export as new Build Order

Comments (0)

There are no comments. Be the first!

Create an account to comment!